 Dungeon Crawl Stone Soup version 0.19-a0-1193-g2641e52 (webtiles) character file.

12625 Gagarin the Thaumaturge (level 11, -7/58 HPs)
             Began as a Gargoyle Earth Elementalist on Aug 19, 2016.
             Was an Elder of Vehumet.
             Mangled by a spiny frog (18 damage)
             ... on level 2 of the Lair of Beasts.
             The game lasted 00:46:18 (12857 turns).

Gagarin the Thaumaturge (GrEE)                     Turns: 12857, Time: 00:46:19

Health: -7/58      AC: 14    Str: 12    XL:     11   Next: 96%
Magic:  15/26      EV: 12    Int: 19    God:    Vehumet [****..]
Gold:   470        SH:  5    Dex: 10    Spells: 5 memorised, 15 levels left

rFire  . . .     SeeInvis .     t - staff of summoning
rCold  . . .     Gourm    .     j - +2 robe {MR+}
rNeg   + . .     Faith    .     (no shield)
rPois  ∞         Spirit   .     h - +0 helmet
rElec  +         Dismiss  .     K - +1 cloak {MR+}
rCorr  .         Reflect  +     (no gloves)
MR     ++...     Harm     .     (no boots)
Stlth  ++........               f - +5 amulet of reflection
                                (no ring)
                                (no ring)

@: very slightly contaminated
A: negative energy resistance 1, electricity resistance, unbreathing,
petrification resistance, rot immunity, AC +7
a: Renounce Religion


You were on level 2 of the Lair of Beasts.
You worshipped Vehumet.
Vehumet was greatly pleased with you.
You were not hungry.

You visited 3 branches of the dungeon, and saw 13 of its levels.
You also visited: Ossuary.

You collected 698 gold pieces.
You spent 228 gold pieces at shops.

Inventory:

Hand Weapons
 v - a +1 morningstar of protection
Missiles
 b - 356 stones (quivered)
Armour
 h - a +0 helmet (worn)
 j - a +2 robe of magic resistance (worn)
 K - a +1 cloak of magic resistance (worn)
Magical Staves
 t - an uncursed staff of summoning (weapon)
Jewellery
 c - an uncursed amulet of harm {unknown}
 f - a +5 amulet of reflection (around neck)
Wands
 e - a wand of random effects (41/48)
 q - a wand of flame (18/48)
 A - a wand of iceblast (10/15)
 U - a wand of digging (13/24)
Scrolls
 l - a scroll of identify
 o - 5 scrolls of teleportation
 y - 2 scrolls of remove curse
 P - 3 scrolls of fear
Potions
 g - a potion of brilliance {unknown}
 k - 2 potions of flight
 m - 3 potions of lignification
 n - 2 potions of magic
 r - 5 potions of curing
 s - a potion of might
 z - 3 potions of haste
 D - 2 potions of cancellation
 E - 2 potions of berserk rage
 M - 2 potions of invisibility
 T - 2 potions of agility {unknown}
 Y - 2 potions of ambrosia {unknown}
Comestibles
 a - a meat ration
 d - 7 bread rations
 i - 3 fruits


   Skills:
 + Level 2.5 Fighting
 - Level 1.5 Armour
 + Level 2.3 Dodging
 - Level 2.1 Stealth
 * Level 11.9 Spellcasting
 + Level 9.7 Conjurations
   Level 0.7 Transmutations
 + Level 2.4 Fire Magic
 + Level 11.0 Earth Magic
 + Level 2.0 Evocations


You had 15 spell levels left.
You knew the following spells:

 Your Spells              Type           Power        Failure   Level  Hunger
a - Sandblast             Erth           ######       1%          1    None
b - Stone Arrow           Conj/Erth      ######       1%          3    None
c - Lee's Rapid Deconstr  Erth           ######....   1%          5    ####...
d - Sticky Flame          Conj/Fire      ####....     1%          4    ##.....
e - Bolt of Magma         Conj/Fire/Erth #####.....   2%          5    ####...


Dungeon Overview and Level Annotations

Branches:
Dungeon (9/15)             Temple (1/1) D:4            Lair (3/6) D:9
  Swamp (0/4) Lair:2
  Snake: Lair:2-4    Spider: Lair:2-4       Orc: D:9-12

Altars:
Ashenzari
Fedhas
Hepliaklqana
Nemelex Xobeh
Sif Muna
Trog
Vehumet
The Shining One

Shops:
D:4 !   D:8 ?


Innate Abilities, Weirdness & Mutations

You are resistant to torment.
Your stone body is resilient. (AC +7)
You are immune to poison.
You resist negative energy. (rN+)
You are resistant to electric shocks. (rElec)
You can survive without breathing.
You are immune to petrification.
You are immune to rotting.


Message History

You start resting.
A spiny frog comes up the stairs.
Casting: Lee's Rapid Deconstruction
Confirm with . or Enter, or press ? or * to list all spells.
Aiming: Sticky Flame
Press: ? - help, Shift-Dir - straight line, f - spiny frog
Aim: a spiny frog (hasn't noticed you)
The sticky flame hits the spiny frog.
The spiny frog is lightly wounded.
The spiny frog gives a loud, deep croak!
The spiny frog is covered in liquid flames!
Casting: Sticky Flame
Confirm with . or Enter, or press ? or * to list all spells.
Aiming: Bolt of Magma
Press: ? - help, Shift-Dir - straight line, f/p - spiny frog
Aim: a spiny frog (lightly wounded, covered in liquid flames)
The bolt of magma hits the spiny frog.
The spiny frog is severely wounded.
The spiny frog burns!
The spiny frog stings you!!
You die...

.# ###########...### ##..##
.### ##...# #####..## ...###
###..## #.....## #..#.#
#########P#..# #.#...#
###..###...........#####....##
##...........#.#..P..#....#
##..###P###..#..........####
#..# #####...##.........P.#
#..## #...@F##..........#
#..P# ##........#.......##
##.## #......##.#.....#.#
##..# ###....######...####
#...# #P.......# ##....###
#...#####........# ###..##.
##.........###..## ###..#
##..#......###..# ##.. #
####.....###.# #..# ##.


You could see a spiny frog (burning).

Vanquished Creatures
  Snorg (Lair:3)
  A hydra (Lair:1)
  Joseph (Lair:1)
  2 black mambas
  3 spiny frogs
  The ghost of Shenda the Conjurer, a novice HEWz (D:5)
  3 komodo dragons
  2 trolls
  A polar bear (Lair:2)
  A wyvern (D:9)
  2 basilisks (Lair:2)
  4 yaks (Lair:2)
  2 wraiths (Ossuary)
  A hungry ghost (D:9)
  2 water moccasins
  6 porcupines
  2 orc warriors (D:7)
  4 black bears
  2 ice beasts
  A necrophage (D:7)
  A phantom (D:7)
  4 ogres
  A centaur (D:7)
  4 wolves (Lair:2)
  3 crocodiles (Lair:2)
  A big kobold (D:9)
  12 giant frogs
  4 scorpions
  3 wights (Ossuary)
  12 killer bees (D:8)
  2 howler monkeys
  2 electric eels (Lair:1)
  4 crimson imps
  A giant frog zombie (D:9)
  A centaur zombie (D:7)
  4 quasits
  2 giant frog skeletons
  5 hounds
  A jelly (D:8)
  Crazy Yiuf (D:7)
  2 orc priests
  5 orc wizards
  A centaur skeleton (D:5)
  Natasha (thrice) (D:2)
  9 iguanas
  10 worker ants
  2 hound zombies (D:6)
  A howler monkey zombie (D:8)
  A worker ant zombie (D:8)
  6 adders
  23 river rats
  3 oozes
  3 adder zombies (Ossuary)
  An adder skeleton (D:5)
  7 worms
  3 dart slugs
  3 giant geckos
  29 orcs
  2 ball pythons
  4 giant cockroaches
  6 goblins
  12 hobgoblins
  4 jackals
  15 kobolds
  7 quokkas
  3 ball python skeletons (Ossuary)
  6 bats
  A giant cockroach zombie (D:6)
  2 giant gecko skeletons
  A giant gecko zombie (D:5)
  7 giant newts
  2 kobold zombies (Ossuary)
  An orc skeleton (Ossuary)
  8 rats
  A fungus (D:9)
304 creatures vanquished.

Vanquished Creatures (others)
  A jelly (D:7)
  An adder zombie (D:7)
  6 plants
8 creatures vanquished.

Grand Total: 312 creatures vanquished

Notes
Turn   | Place    | Note
-------+----------+-------------------------------------------
     0 | D:1      | Gagarin the Gargoyle Earth Elementalist began the quest for the Orb.
     0 | D:1      | Reached XP level 1. HP: 10/10 MP: 3/3
   747 | D:1      | Reached XP level 2. HP: 15/15 MP: 3/5
  1108 | D:1      | Reached XP level 3. HP: 19/19 MP: 5/7
  1986 | D:2      | Noticed Natasha
  2001 | D:2      | Killed Natasha
  2001 | D:2      | Reached XP level 4. HP: 17/24 MP: 0/9
  2031 | D:2      | Noticed Natasha
  2036 | D:2      | Killed Natasha
  2036 | D:2      | Reached skill level 5 in Earth Magic
  2207 | D:2      | Reached XP level 5. HP: 24/28 MP: 6/10
  2396 | D:2      | Noticed Natasha
  2398 | D:2      | Killed Natasha
  2662 | D:2      | Learned a level 3 spell: Stone Arrow
  3174 | D:3      | Found a deep blue altar of Sif Muna.
  3300 | D:3      | Found a bloodstained altar of Trog.
  3308 | D:3      | Reached skill level 1 in Conjurations
  3466 | D:4      | Reached XP level 6. HP: 32/32 MP: 10/12
  4044 | D:4      | Reached skill level 5 in Spellcasting
  4085 | D:4      | Reached XP level 7. HP: 36/36 MP: 10/14
  4116 | D:4      | Found Mawoov's Distillery.
  4119 | D:4      | Bought a potion of curing for 33 gold pieces
  4119 | D:4      | Bought a potion of heal wounds for 55 gold pieces
  4319 | D:4      | Found a staircase to the Ecumenical Temple.
  4326 | Temple   | Entered the Ecumenical Temple
  4362 | Temple   | Became a worshipper of Vehumet
  4590 | D:5      | Entered Level 5 of the Dungeon
  4718 | D:5      | Noticed Shenda's ghost (novice HEWz)
  4730 | D:5      | Found a sand-covered staircase.
  4737 | Ossuary  | Entered an ossuary
  4957 | Ossuary  | Noticed a wraith
  4957 | Ossuary  | Noticed a flying skull
  4990 | Ossuary  | Noticed a flying skull
  5099 | Ossuary  | Noticed a wraith
  5119 | Ossuary  | Killed a wraith
  5119 | Ossuary  | Reached XP level 8. HP: 29/41 MP: 0/17
  5230 | Ossuary  | Noticed a wraith
  5239 | Ossuary  | Killed a wraith
  5333 | D:5      | Killed Shenda's ghost
  5468 | D:5      | Reached * piety under Vehumet
  5468 | D:5      | Offered knowledge of Freeze by Vehumet.
  5488 | D:5      | Reached skill level 5 in Conjurations
  5517 | D:5      | Learned a level 5 spell: Lee's Rapid Deconstruction
  5859 | D:5      | Reached XP level 9. HP: 45/45 MP: 14/20
  7297 | D:7      | Reached ** piety under Vehumet
  7361 | D:7      | Found a runed door.
  7434 | D:7      | Offered knowledge of Shock by Vehumet.
  8216 | D:7      | Noticed Crazy Yiuf
  8218 | D:7      | Killed Crazy Yiuf
  8268 | D:8      | Found a blossoming altar of Fedhas.
  8331 | D:8      | Reached XP level 10. HP: 50/50 MP: 12/23
  8333 | D:8      | Offered knowledge of Throw Frost by Vehumet.
  8373 | D:8      | Found a bloodstained altar of Trog.
  8631 | D:8      | Found Oqyr's Magic Scroll Boutique.
  8634 | D:8      | Bought a scroll of blinking for 75 gold pieces
  8634 | D:8      | Bought a scroll of fear for 35 gold pieces
  8634 | D:8      | Bought a scroll of teleportation for 30 gold pieces
  8657 | D:8      | Reached *** piety under Vehumet
  8853 | D:8      | Reached skill level 10 in Spellcasting
  9239 | D:9      | Found a staircase to the Lair.
  9454 | D:9      | Offered knowledge of Sticky Flame by Vehumet.
  9498 | D:9      | Learned a level 4 spell: Sticky Flame
  9725 | D:9      | Found a glowing golden altar of the Shining One.
  9872 | Lair:1   | Entered Level 1 of the Lair of Beasts
  9873 | Lair:1   | Noticed Joseph
 10018 | D:9      | Reached skill level 10 in Earth Magic
 10087 | Lair:1   | Killed Joseph
 10108 | Lair:1   | Noticed a black mamba
 10120 | D:9      | Killed a black mamba
 10279 | Lair:1   | Noticed a spiny frog
 10285 | Lair:1   | Killed a spiny frog
 10285 | Lair:1   | Reached XP level 11. HP: 27/54 MP: 18/26
 10736 | Lair:1   | Noticed a seven-headed hydra
 10742 | Lair:1   | Killed a seven-headed hydra
 10742 | Lair:1   | Reached **** piety under Vehumet
 11355 | Lair:2   | Offered knowledge of Bolt of Magma by Vehumet.
 11454 | Lair:2   | Learned a level 5 spell: Bolt of Magma
 11656 | Lair:2   | Reached skill level 1 in Armour
 11667 | Lair:2   | Reached skill level 1 in Fire Magic
 11667 | Lair:2   | Reached skill level 1 in Evocations
 11899 | Lair:2   | Reached skill level 1 in Fighting
 12553 | Lair:2   | Found a staircase to the Swamp.
 12770 | Lair:3   | Noticed Snorg
 12786 | Lair:3   | HP: 1/57 [Snorg (15)]
 12788 | Lair:3   | Noticed a death yak
 12790 | Lair:3   | Killed Snorg
 12791 | Lair:3   | Noticed a death yak
 12857 | Lair:2   | Mangled by a spiny frog

Vault maps used:
D:1:      minmay_arrival_split_and_join, minmay_door_square
D:2:      uniq_natasha
D:3:      old_standard_altar, trog_hazing_becter
D:4:      serial_shops, nicolae_shop_behind_doors
D:5:      chequers_ossuary_entry_cave, first_bread, kennysheep_doodads
D:7:      lemuel_flamethrower_2, uniq_crazy_yiuf_cottage
D:8:      trog_ov_bears_minmay, fedhas_altar_2, serial_shops, shop
D:9:      dpeg_oklobed_lair, basic_altar, minmay_misc_feat_tiny,
          blue_anna_alchemist
Temple:   dpeg_five_rooms_temple
Lair:1:   serial_bayou_lake_a, grunt_megastairs_1, infiniplex_staircase_pool,
          uniq_joseph
Lair:2:   minmay_swamp_entry_reptiles, serial_bayou_shore_a,
          bh_autumn_forest_stairs
Lair:3:   dummy_snake_entry, special_room, uniq_snorg
Ossuary:  ossuary_due_cavern

Skill      XL: |  1  2  3  4  5  6  7  8  9 10 11 |
---------------+----------------------------------+-----
Earth Magic    | 4 5 6 7 9 10 11 | 11.0
Spellcasting   | 3 4 5 6 7 9 11 | 11.9
Conjurations   | 1 2 4 5 7 8 9 |  9.7
Armour         | 1 |  1.5
Fire Magic     | 2 |  2.4
Evocations     | 2 |  2.0
Fighting       | 2 |  2.5
Dodging        | 2 |  2.3
Stealth        | |  2.1
Transmutations | |  0.7

Action                   |  1- 3 |  4- 6 |  7- 9 | 10-12 || total
-------------------------+-------+-------+-------+-------++-------
Melee: Club              |     9 |       |       |       ||     9
       Unarmed           |     1 |       |       |       ||     1
       Spear             |    85 |    40 |       |       ||   125
       Morningstar       |       |    22 |    26 |   128 ||   176
       Staff             |       |       |       |     9 ||     9
 Cast: Sandblast         |    50 |   122 |   166 |    26 ||   364
       Stone Arrow       |       |       |    56 |   141 ||   197
       Lee's Rapid Decon |       |       |     4 |    20 ||    24
       Bolt of Magma     |       |       |       |     6 ||     6
       Sticky Flame      |       |       |       |     6 ||     6
  Use: Scroll            |     3 |       |     8 |    14 ||    25
       Potion            |       |       |     5 |     3 ||     8
 Stab: Sleeping          |     5 |     2 |     1 |       ||     8
  Eat: Chunk             |     4 |     6 |     9 |    20 ||    39
       Meat ration       |       |       |     1 |       ||     1
Armor: Robe              |    67 |    51 |    69 |   133 ||   320
Dodge: Dodged            |    99 |    80 |    88 |   186 ||   453
Block: Other             |       |       |    31 |    64 ||    95
       Reflection        |       |       |       |     1 ||     1
